 Dungeon Crawl Stone Soup version 0.28-a0-863-g8cecda6153 (webtiles) character file.

Game seed: 15380082979305094486

60 Peloso the Skirmisher (level 3, -5/34 HPs)
             Began as a Minotaur Fighter on Nov 19, 2021.
             Slain by a gnoll (10 damage)
             ... on level 2 of the Dungeon.
             The game lasted 00:02:12 (1154 turns).

Peloso the Skirmisher (Minotaur Fighter)            Turns: 1154, Time: 00:02:13

Health: -5/34      AC:  7    Str: 20    XL:     3   Next: 80%
Magic:  2/2        EV:  9    Int:  5    God:
Gold:   0          SH:  4    Dex: 10    Spells: 2/2 levels left

rFire   . . .      SeeInvis .   a - +0 long sword
rCold   . . .      Faith    .   c - +0 buckler
rNeg    . . .      Spirit   .   b - +0 scale mail
rPois   .          Reflect  .   (helmet restricted)
rElec   .          Harm     .   (no cloak)
rCorr   .          Rampage  .   (no gloves)
Will    .....                   (no boots)
Stlth   ..........              (no amulet)
HPRegen 0.11/turn               (no ring)
MPRegen 0.08/turn               (no ring)

@: lethally poisoned (-5 -> -19)
A: horns 2, retaliatory headbutt
a: no special abilities


You were on level 2 of the Dungeon.
You visited 1 branch of the dungeon, and saw 2 of its levels.

Inventory:

Hand Weapons
 a - a +0 long sword (weapon)
Armour
 b - a +0 scale mail (worn)
 c - a +0 buckler (worn)
Scrolls
 e - 3 scrolls of identify {unknown}
Potions
 d - a potion of might


   Skills:
 + Level 4.4 Fighting
 + Level 3.0 Long Blades
 + Level 4.3 Armour
 + Level 4.1 Shields


You had 2 spell levels left.
You didn't know any spells.
Your spell library contained the following spells:

 Spells                   Type           Power      Damage    Failure   Level
 Beastly Appendage        Tmut           0%         N/A       82%         1
 Slow                     Hex            0%         N/A       82%         1
 Wereblood                Tmut           0%         N/A       91%         2
 Confusing Touch          Hex            0%         N/A       99%         3
 Spider Form              Tmut/Pois      0%         N/A       99%         3
 Vampiric Draining        Necr           0%         2d6       99%         3


Dungeon Overview and Level Annotations

Branches:
Dungeon (2/15)

Altars:
Elyvilon


Innate Abilities, Weirdness & Mutations

You have a pair of horns on your head.
You reflexively headbutt those who attack you in melee.


Message History

The gnoll closely misses you.
A nearby plant withers and dies.
You closely miss the gnoll. Your headbutt misses the gnoll.
You block the gnoll's attack.
You barely miss the gnoll. You block the gnoll's attack.
You barely miss the gnoll. The gnoll closely misses you.
You block the gnoll's attack.
You barely miss the gnoll. Your headbutt misses the gnoll.
You block the gnoll's attack.
You slash the gnoll!
You kill the gnoll!
You hit the kobold but do no damage. You headbutt the kobold.
You kill the kobold!
The gnoll hits you with a +2 spear of venom.
You are poisoned.
A quokka comes into view.
The gnoll closely misses you.
Things that are here:
a +0 whip; a +0 whip; a gnoll corpse You hit the gnoll.
You headbutt the gnoll.
The gnoll is severely wounded.
You feel very sick.
A nearby plant withers and dies.
The gnoll hits you with a +2 spear of venom.
You are more poisoned.
The gnoll hits you from afar with a +0 halberd.
You hit the gnoll but do no damage. Your headbutt misses the gnoll.
The gnoll is severely wounded.
You feel very sick. The gnoll hits you but does no damage.
You are lethally poisoned!
The gnoll hits you but does no damage. You block the gnoll's attack.
The gnoll hits you from afar with a +0 halberd.
The quokka bites the plant.
The plant begins to die.
* * * LOW HITPOINT WARNING * * *
You feel very sick.
* * * LOW HITPOINT WARNING * * *
You feel very sick.
The gnoll hits you from afar with a +2 spear of venom!
You die...

♣♣ ≈♣§ .♣ ♣§♣♣ ♣
♣P♣♣♣..♣ ♣♣.♣
♣♣♣.♣.♣..♣ ♣..P.♣
♣P♣.P.♣.P♣♣♣.P♣..P .
♣P♣.♣...♣P..8...♣
♣r♣ ♣♣.g♣.gg.g..!.#
♣.♣
♣..♣.g♣.........)
♣P.♣
♣♣@♣PPr.♣...#..._
.PP♣†♣♣♣P.♣..P.....[
♣.♣..♣P♣......P.# .
♣P...♣..PP♣P....P.
♣♣....P♣..♣♣♣P.♣♣PP
#..♣♣. ♣.♣†##.♣♣.
♣P. #. .....
♣.♣##...#.♣. #...#
#####.###.# #...#
#...<...#


You could see a gnoll.

Vanquished Creatures
  2 gnolls
  A dart slug (D:2)
  4 bats (D:1)
  An endoplasm (D:1)
  A goblin (D:1)
  3 hobgoblins
  3 jackals (D:1)
  6 quokkas
  4 ball pythons (D:1)
  A frilled lizard (D:1)
  4 kobolds
  7 rats
37 creatures vanquished.

Vanquished Creatures (others)
  13 plants (D:2)
13 creatures vanquished.

Grand Total: 50 creatures vanquished

Notes
Turn   | Place    | Note
-------+----------+-------------------------------------------
     0 | D:1      | Peloso the Minotaur Fighter began the quest for the Orb.
     0 | D:1      | Reached XP level 1. HP: 19/19 MP: 0/0
   196 | D:1      | Reached XP level 2. HP: 25/27 MP: 1/1
   699 | D:1      | Reached XP level 3. HP: 33/33 MP: 2/2
  1134 | D:2      | Found a white marble altar of Elyvilon.
  1154 | D:2      | Slain by a gnoll

Illustrated notes

Levels and vault maps discovered:
D:1:      heliophobic_arrival_enchanted_forest, layout_loops_ring,
          minmay_tripent
D:2:      wad_woods_stonehenge, layout_loops_ring,
          ebering_ecumenical_altar_abandoned, grunt_decor_one_mirror

Skill      XL: |  1  2  3 |
---------------+----------+-----
Armour         | 4 |  4.3
Fighting       | 4 |  4.4
Shields        | 4 |  4.1
Long Blades    | 3 |  3.0

Action                   || total
-------------------------++-------
Melee: Long sword        ||    85
       Headbutt          ||    17
Armor: Scale mail        ||    42
Dodge: Dodged            ||    34
Block: Buckler           ||    29

Table legend: (Time is in decaauts)
 A = Elapsed time spent in this place.
 B = Non-inter-level travel time spent in this place.
 C = Inter-level travel time spent in this place.
 D = Time resting spent in this place.
 E = Time spent auto-exploring this place.
 F = Levels seen in this place.
 G = Mean time per level.
                   A        B        C        D        E       F      G
               +--------+--------+--------+--------+--------+-----+--------+
         Total |   1175 |   1175 |      0 |      0 |    904 |   2 |  587.5 |
       Dungeon |   1175 |   1175 |      0 |      0 |    904 |   2 |  587.5 |
               +--------+--------+--------+--------+--------+-----+--------+

Top non-repeatable levels by time:
     D:1: 1073 daAuts
     D:2: 102 daAuts
